 Dungeon Crawl Stone Soup version 0.28.0-47-ge53b351184 (webtiles) character file.

Game seed: 315636725207919862

9 Keeper01 the Skirmisher (level 2, -2/26 HPs)
             Began as a Draconian Cinder Acolyte on May 10, 2022.
             Was a High Priest of Ignis.
             Slain by Natasha (4 damage)
             ... on level 2 of the Dungeon.
             The game lasted 00:04:23 (551 turns).

Keeper01 the Skirmisher (Draconian Cinder Acolyte)   Turns: 551, Time: 00:04:23

Health: -2/26      AC:  4    Str: 15 (16) XL:     2   Next: 3%
Magic:  1/1        EV: 11    Int: 16 (18) God:    Ignis [*****.]
Gold:   26         SH:  0    Dex:  5 (6)  Spells: 1/3 levels left

rFire   . . .      SeeInvis .   g - +6 battleaxe of Accord {antimagic, rPois rF- Int+4}
rCold   . . .      Faith    .   (shield currently unavailable)
rNeg    . . .      Spirit   .   (armour unavailable)
rPois   +          Reflect  .   (helmet restricted)
rElec   .          Harm     .   (no cloak)
rCorr   .          Rampage  .   (no gloves)
Will    .....                   (no boots)
Stlth   +.........              (no amulet)
HPRegen 0.08/turn               (no ring)
MPRegen 0.07/turn               (no ring)

@: no status effects
A: AC +4, unfitting armour, cold-blooded
a: Renounce Religion, Fiery Armour, Foxfire Swarm, Rising Flame


You were on level 2 of the Dungeon.
You worshipped Ignis.
Ignis was extremely pleased with you.
You visited 1 branch of the dungeon, and saw 2 of its levels.

You collected 26 gold pieces.

Inventory:

Hand Weapons
 a - a -1 mace of flaming
 g - the +6 battleaxe of Accord (weapon) {antimagic, rPois rF- Int+4}
   (You found it on level 2 of the Dungeon)

   It reduces the magical energy of the wielder, and disrupts the spells and
   magical abilities of those it strikes.
   Natural abilities and divine invocations are not affected.
   Int:       It affects your intelligence (+4).
   rF:        It makes you vulnerable to fire.
   rPois:     It protects you from poison.
Armour
 e - a +0 leather armour
Scrolls
 c - a scroll of summoning {unknown}
 f - a scroll of amnesia {unknown}
Potions
 b - 3 potions of curing {unknown}


   Skills:
 + Level 3.5 Fighting
 + Level 3.1 Maces & Flails
 + Level 0.1 Dodging
 + Level 1.0 Spellcasting
 + Level 3.2 Fire Magic


You had one spell level left.
You knew the following spells:

 Your Spells              Type           Power      Damage    Failure   Level
a - Scorch                Fire           22%        2d6       10%         2

Your spell library contained the following spells:

 Spells                   Type           Power      Damage    Failure   Level
 Sting                    Tmut/Pois      0%         1d3       22%         1
 Poisonous Vapours        Pois/Air       0%         N/A       34%         2
 Olgreb's Toxic Radiance  Pois           0%         N/A       92%         4


Dungeon Overview and Level Annotations

Branches:
Dungeon (2/15)

Altars:
Zin

Annotations:
D:2 Natasha


Innate Abilities, Weirdness & Mutations

Your plain brown scales are hard. (AC +4)
You cannot fit into any form of body armour.
You are cold-blooded and may be slowed by cold attacks.


Message History

You have reached level 2!
Your -1 mace of flaming stops flaming.
You feel clever.
You feel magic leave you.
g - the +6 battleaxe of Accord (weapon)
{antimagic, rPois rF- Int+4} You start resting.
HP restored.
Memorise Scorch, consuming 2 spell levels and leaving 1?
You start memorising the spell.
You continue memorising. x2
You finish memorising.
Spell assigned to 'a'.
Okay, then.
Natasha, Servant of Life and Death comes into view.
Natasha hisses angrily.
Natasha casts a spell at you. The magic dart hits you!
Natasha drinks a potion.
Natasha seems to speed up.
You don't have enough magic to cast this spell.
Natasha claws you. Natasha barely misses you. Natasha claws you!
You barely miss Natasha. You tail-slap Natasha.
Natasha is moderately wounded.
Natasha claws you but does no damage. Natasha closely misses you.
Natasha misses you.
You barely miss Natasha.
Natasha is lightly wounded.
Natasha claws you.
* * * LOW HITPOINT WARNING * * *
Natasha casts a spell at you. The magic dart hits you.
* * * LOW HITPOINT WARNING * * *
It was a potion of degeneration.
There was something very wrong with that liquid.
You feel weakened.
You feel dopey.
You feel clumsy. Natasha claws you.
* * * LOW HITPOINT WARNING * * *
You slash Natasha!
Natasha's magic leaks into the air.
Natasha is severely wounded.
Natasha's magic is no longer disrupted.
Natasha closely misses you. x2
Natasha claws you.
You die...

#.# #########.## #.#
#..........## ######.##
#.#####.....#
........###.##.#.......
#...................<
.###.##..###.##.#.......
.....#...###.#####.....#
#.####.....##..........##
#.......@.###########.##
.....######h## #. ..#
#...# #. ......# #.
#.....+# #. #.._.. ..
#...... #...... ..#....


You could see Natasha (fast).

Vanquished Creatures
  2 goblins (D:1)
  2 hobgoblins
  A kobold (D:1)
  A quokka (D:1)
  A bat (D:1)
  A bush (D:1)
8 creatures vanquished.

Vanquished Creatures (others)
  A plant (D:1)
1 creature vanquished.

Grand Total: 9 creatures vanquished

Notes
Turn   | Place    | Note
-------+----------+-------------------------------------------
     0 | D:1      | Keeper01 the Draconian Cinder Acolyte began the quest for
                  | the Orb.
     0 | D:1      | Reached XP level 1. HP: 19/19 MP: 2/2
    48 | D:1      | Found a faded altar of an unknown god.
   452 | D:2      | Found a glowing silver altar of Zin.
   453 | D:2      | Identified the +6 battleaxe of Accord {antimagic, rPois rF-
                  | Int+4}
   464 | D:2      | Reached XP level 2. HP: 20/26 MP: 3/3
   537 | D:2      | Learned a level 2 spell: Scorch
   538 | D:2      | Noticed Natasha
   551 | D:2      | Slain by Natasha

Illustrated notes

Levels and vault maps discovered:
D:1:      minmay_arrival_radiant_lines, layout_rooms, basic_ecumenical_altar,
          serial_forest, infiniplex_forest_clump_medium,
          infiniplex_forest_clump_long, infiniplex_forest_clump_small,
          infiniplex_forest_lined_room_, infiniplex_forest_lined_2,
          infiniplex_forest_lined_room_2, infiniplex_forest_fountain,
          infiniplex_forest_clump_C, infiniplex_forest_end_1,
          minmay_misc_feat_ornament
D:2:      layout_loops_corners, basic_altar, serial_shops,
          nicolae_shop_hallway_stairs, uniq_natasha

Action                   || total
-------------------------++-------
Melee: Mace              ||    73
       Tailslap          ||    15
       Battleaxe         ||     3
  Use: Potion            ||     1
Armor: Skin              ||    13
Dodge: Dodged            ||    37
